 Dungeon Crawl Stone Soup version 0.18-a0-596-g6468885 (webtiles) character file.

5121 4thArraOfDagon the Spear-Bearer (level 10, 0/84 HPs)
             Began as a Demigod Fighter on Dec 3, 2015.
             Slain by an orc warrior
             ... wielding a +1 mace of protection
              (13 damage)
             ... on level 14 of the Dungeon.
             The game lasted 00:20:21 (3772 turns).

4thArraOfDagon the Spear-Bearer (Demigod Fighter)   Turns: 3772, Time: 00:20:21

Health: 0/84       AC: 11    Str: 22    XL:     10   Next: 11%
Magic:  28/28      EV:  9    Int: 23    God:
Gold:   333        SH:  9    Dex: 15    Spells: 1 memorised, 8 levels left

rFire  + . .     SeeInvis .     a - +0 trident (flame)
rCold  . . .     Clarity  .     E - +1 scale mail {rF+}
rNeg   . . .     SustAt   +     c - +0 shield
rPois  .         Gourm    .     d - +3 hat of Pondering {ponderous, MR+ MP+10 Int+5}
rElec  .         Spirit   .     (no cloak)
rCorr  .         Dismiss  .     (no gloves)
rMut   .         Stasis   .     (no boots)
MR     ++...                    (no amulet)
Stlth  ..........               B - +2 ring of evasion
                                u - +3 ring of strength

@: slow, very resistant to hostile enchantments, extremely unstealthy
A: hooves 1, high mp 2, regeneration 1, sustain attributes
a: no special abilities


You were on level 14 of the Dungeon.
You were not hungry.

You visited 1 branch of the dungeon, and saw 14 of its levels.

You collected 333 gold pieces.

Inventory:

Hand Weapons
 a - a +0 trident of flaming (weapon)
 n - a +0 blowgun
 s - a cursed -1 spear
 G - a +2 flail of holy wrath
Missiles
 o - 60 poisoned needles
Armour
 c - a +0 shield (worn)
 d - the +3 hat of Pondering (worn) {ponderous, MR+ MP+10 Int+5}
   (You took it off Gastronok on level 9 of the Dungeon)

   It affects your intelligence (+5).
   It affects your resistance to hostile enchantments.
   It affects your magic capacity (+10).
 E - a +1 scale mail of fire resistance (worn)
Jewellery
 u - a +3 ring of strength (left hand)
 B - a +2 ring of evasion (right hand)
Wands
 j - a wand of disintegration (19)
 y - a wand of magic darts (29)
 z - a wand of random effects (19)
 F - a wand of polymorph (5)
 H - a wand of lightning (5)
 I - a wand of frost (34)
Scrolls
 f - a scroll of recharging
 h - a scroll of fear
 l - 2 scrolls of noise
 m - a scroll of silence
 w - 2 scrolls of immolation
 x - a scroll of identify
 A - a scroll of teleportation
Potions
 p - a potion of haste
 r - a potion of lignification
 t - 3 potions of heal wounds
 v - 5 potions of curing
 D - a potion of brilliance
 J - a potion of ambrosia
Books
 i - a book of Summonings

   Spells                             Type                      Level
   a - Recall                         Summoning/Translocation      3
   b - Aura of Abjuration             Summoning                    5
   c - Shadow Creatures               Summoning                    5
   d - Summon Demon                   Summoning                    5
   e - Summon Forest                  Summoning/Translocation      5
   f - Summon Mana Viper              Hexes/Summoning              5
 q - a book of Frost

   Spells                             Type                      Level
   a - Freeze                         Ice                          1
   b - Throw Frost                    Conjuration/Ice              2
   c - Ozocubu's Armour               Charms/Ice                   3
   d - Throw Icicle                   Conjuration/Ice              4
   e - Summon Ice Beast               Ice/Summoning                4
   f - Condensation Shield            Ice                          4
Comestibles
 b - 4 meat rations
 e - 4 bread rations
 g - 2 slices of pizza
 k - 2 chunks of flesh
 C - 8 fruits
 K - a beef jerky


   Skills:
 + Level 6.7 Fighting
 * Level 8.8 Polearms
 + Level 6.3 Armour
 - Level 2.6 Shields
 + Level 2.4 Spellcasting
 * Level 4.2 Summonings
 + Level 4.7 Evocations


You had 8 spell levels left.
You knew the following spells:

 Your Spells              Type           Power        Failure   Level  Hunger
a - Shadow Creatures      Summ           N/A          100%        5    ######.


Dungeon Overview and Level Annotations

Branches:
Dungeon (14/15)            Temple (0/1) D:4            Lair (0/8) D:8
    Orc: D:9-12      Vaults: D:13-14

Annotations:
D:5 Eustachio
D:7 Joseph


Innate Abilities, Weirdness & Mutations

You have a considerably increased reservoir of magic (+20% MP).
Your attributes are resistant to harm.
You have large cloven feet.
Your natural rate of healing is unusually fast.


Message History

You block the orc warrior's attack.
The orc priest calls upon Beogh to heal the orc warrior.
The orc warrior is healed somewhat.
Unknown command.
You hit the orc warrior but do no damage.
The orc warrior is almost dead.
The orc hits you.
* * * LOW HITPOINT WARNING * * *
You block the orc warrior's attack.
The orc priest invokes the aid of Beogh against you.
Something smites you!
* * * LOW HITPOINT WARNING * * *
Unknown command.
Unknown command.
You hit the orc warrior. You burn the orc warrior.
You kick the orc warrior, but do no damage.
The orc warrior is almost dead.
The orc completely misses you.
The orc warrior hits you with a mace of protection!
You die...

### #. #...........
....#.##...........
.......#...........
........#..........
...o..)...........#
......##.........#
.o.<. ###ooo..###
.o.. ##oo....# ...
#@###.... .. ###
#.. .


You could see an orc warrior, an orc priest and 3 orcs.

Vanquished Creatures
  Gastronok (D:9)
  A two-headed ogre (D:10)
  A hungry ghost (D:9)
  An ice beast (D:5)
  A black bear (D:10)
  3 phantoms
  5 ogres
  2 orc warriors (D:11)
  An eye of draining (D:10)
  A wasp (D:7)
  2 centaurs
  A big kobold (D:9)
  4 giant frogs
  4 scorpions
  A quasit (D:6)
  3 wights (D:10)
  6 jellies
  A centaur skeleton (D:5)
  5 hounds
  3 iguanas
  3 orc priests
  10 orc wizards
  4 worker ants
  A hound skeleton (D:5)
  2 adders
  4 gnolls (D:4)
  4 shadow imps
  An ooze (D:4)
  An adder zombie (D:7)
  A worm (D:3)
  3 giant geckos
  31 orcs
  4 hobgoblins
  14 jackals
  12 kobolds
  2 quokkas
  5 bats
  A giant cockroach (D:2)
  2 giant newts (D:7)
  2 goblins (D:2)
  A quokka skeleton (D:7)
  2 rats (D:2)
157 creatures vanquished.

Vanquished Creatures (collateral kills)
  An ogre (D:10)
  A big kobold (D:10)
  4 kobolds (D:10)
6 creatures vanquished.

Vanquished Creatures (others)
  An orc wizard (D:7)
1 creature vanquished.

Grand Total: 164 creatures vanquished

Notes
Turn   | Place    | Note
--------------------------------------------------------------
     0 | D:1      | 4thArraOfDagon the Demigod Fighter began the quest for the Orb.
     0 | D:1      | Reached XP level 1. HP: 18/18 MP: 3/3
    86 | D:2      | Found an iron altar of Okawaru.
   109 | D:2      | Reached skill level 3 in Armour
   198 | D:2      | Reached XP level 2. HP: 22/25 MP: 4/4
   278 | D:4      | Found a radiant altar of Vehumet.
   297 | D:4      | Found a staircase to the Ecumenical Temple.
   316 | D:5      | Entered Level 5 of the Dungeon
   334 | D:5      | Reached XP level 3. HP: 21/31 MP: 5/5
   339 | D:5      | Noticed an ice beast
   360 | D:6      | Noticed an ogre
   368 | D:6      | Reached XP level 4. HP: 28/38 MP: 6/6
   381 | D:6      | HP: 1/57 [ogre/giant spiked club (13)]
   382 | D:6      | Killed an ogre
   382 | D:6      | Reached skill level 4 in Polearms
   382 | D:6      | Reached XP level 5. HP: 1/46 MP: 7/7
   415 | D:6      | Reached XP level 6. HP: 28/52 MP: 8/8
   449 | D:6      | RIP
   449 | D:6      | was good demigod
   473 | D:6      | HP: 1/52 [orc/whip of electrocution (9)]
   477 | D:7      | yep
   687 | D:7      | Found a blossoming altar of Fedhas.
   727 | D:8      | Found an opulent altar of Gozag.
   782 | D:8      | Found an ancient bone altar of Kikubaaqudgha.
   873 | D:8      | Reached skill level 5 in Polearms
   874 | D:8      | Found a staircase to the Lair.
   904 | D:9      | Learned a level 5 spell: Shadow Creatures
  1098 | D:9      | Noticed Gastronok
  1184 | D:9      | Killed Gastronok
  1184 | D:9      | Reached skill level 5 in Fighting
  1184 | D:9      | Reached skill level 7 in Polearms
  1184 | D:9      | Reached skill level 5 in Armour
  1184 | D:9      | Reached XP level 7. HP: 20/62 MP: 8/12
  1184 | D:9      | Reached XP level 8. HP: 22/70 MP: 8/13
  1327 | D:7      | Gained mutation: Your natural rate of healing is unusually fast. [potion of mutation]
  1327 | D:7      | Gained mutation: You have a considerably increased reservoir of magic (+20% MP). [potion of mutation]
  1327 | D:7      | Gained mutation: You have large cloven feet. [potion of mutation]
  1379 | D:7      | Noticed Joseph
  1500 | D:5      | Reached XP level 9. HP: 75/75 MP: 16/16
  1620 | D:4      | meh
  1620 | D:4      | no halberd
  1685 | D:4      | Reached skill level 1 in Summonings
  1820 | D:4      | Found a white marble altar of Elyvilon.
  2028 | D:5      | Reached skill level 1 in Spellcasting
  2159 | D:5      | Noticed Eustachio
  2244 | D:6      | Found a shattered altar of Ashenzari.
  2249 | D:6      | Reached skill level 8 in Polearms
  3015 | D:10     | Entered Level 10 of the Dungeon
  3031 | D:10     | time to read acq
  3226 | D:10     | Reached XP level 10. HP: 72/84 MP: 18/18
  3320 | D:11     | Noticed a red ugly thing
  3345 | D:11     | :(
  3599 | D:12     | Noticed a red ugly thing
  3601 | D:12     | Noticed a green ugly thing
  3601 | D:12     | Noticed a brown ugly thing
  3684 | D:12     | Found an opulent altar of Gozag.
  3772 | D:14     | Slain by an orc warrior

Vault maps used:
D:1:      shiori_arrival_elements, st_stairs_12
D:2:      kennysheep_cross_bottleneck, okawaru_trees_2
D:3:      grunt_ministairs_6
D:4:      nicolae_overflow_hidden_temple, lemuel_doored_altar,
          lemuel_coloured_pillars_altar, minmay_temple_entry_statues_pillars,
          first_bread
D:5:      marbit_many_paths, uniq_eustachio
D:6:      lemuel_crystal_altar, yredelemnul_altar_generic,
          gammafunk_temple_overflow_statue
D:7:      overflow_temple_1_default, uniq_joseph
D:8:      old_standard_altar, kiku_gazebo_pond_becter
D:9:      hiddenorc1_lemuel, uniq_prince_ribbit1, uniq_gastronok
D:10:     uniq_harold
D:12:     basic_altar
D:13:     grunt_vaults_entry_fortified, serial_shops, nicolae_shop_behind_doors,
          hangedman_tell_no_tales, uniq_snorg
D:14:     lab_entry_generic

Action                   |  1- 3 |  4- 6 |  7- 9 | 10-12 || total
-------------------------+-------+-------+-------+-------++-------
Melee: Trident           |    63 |   130 |   518 |    95 ||   806
       Unarmed           |       |       |       |     1 ||     1
 Fire: Blowgun           |       |    18 |     2 |       ||    20
Evoke: Wand              |       |       |     5 |     4 ||     9
  Use: Scroll            |     1 |     8 |     8 |     2 ||    19
       Potion            |     1 |     2 |     1 |       ||     4
  Eat: Chunk             |       |     2 |    10 |     2 ||    14
